 Dungeon Crawl Stone Soup version 0.19-a0-1456-gc747e27 (webtiles) character file.

139 Gorfmaster the Poker (level 5, -1/48 HPs)
             Began as a Gargoyle Berserker on Sept 5, 2016.
             Was a Believer of Trog.
             Slain by Pikel
             ... wielding a +2 whip of freezing
              (5 damage)
             ... on level 4 of the Dungeon.
             The game lasted 00:17:23 (2398 turns).

Gorfmaster the Poker (Gargoyle Berserker)           Turns: 2398, Time: 00:17:23

Health: -1/48      AC: 10    Str: 26    XL:     5   Next: 22%
Magic:  5/5        EV:  7    Int:  8    God:    Trog [**....]
Gold:   126        SH:  0    Dex:  9    Spells: 0 memorised, 4 levels left

rFire  x . .     SeeInvis .     a - +1 spear
rCold  + . .     Gourm    .     r - +0 scale mail
rNeg   + . .     Faith    .     (no shield)
rPois  ∞         Spirit   .     (no helmet)
rElec  +         Dismiss  .     (no cloak)
rCorr  .         Reflect  .     (no gloves)
MR     .....     Harm     .     (no boots)
Stlth  ..........               (no amulet)
                                (no ring)
                                k - ring of ice

@: berserking, constricted, very quick
A: negative energy resistance 1, electricity resistance, unbreathing,
petrification resistance, rot immunity, AC +4
a: Berserk, Trog's Hand, Burn Spellbooks, Renounce Religion


You were on level 4 of the Dungeon.
You worshipped Trog.
Trog was pleased with you.
You were not hungry.

You visited 1 branch of the dungeon, and saw 4 of its levels.

You collected 126 gold pieces.

Inventory:

Hand Weapons
 a - a +1 spear (weapon)
Armour
 r - a +0 scale mail (worn)
Jewellery
 k - a ring of ice (left hand)
Wands
 o - a wand of slowing (18/48)
Scrolls
 f - a scroll of enchant weapon
 g - 2 scrolls of remove curse
Potions
 b - 2 potions of curing {unknown}
 e - a potion of mutation {unknown}
 h - 2 potions of flight
 j - a potion of might
 l - 2 potions of invisibility {unknown}
 m - a potion of heal wounds {unknown}
 n - a potion of cure mutation {unknown}
 q - a potion of agility
Comestibles
 c - a bread ration
 d - a slice of pizza
 i - 2 chunks of flesh
 p - a meat ration


   Skills:
 - Level 3.2 Fighting
 + Level 5.2 Polearms
 - Level 2.1 Armour
 - Level 1.5 Dodging


You had 4 spell levels left.
You didn't know any spells.

Dungeon Overview and Level Annotations

Branches:
Dungeon (4/15)
 Temple: D:4-7

Altars:
Ashenzari
Cheibriados
Elyvilon

Annotations:
D:4 Pikel


Innate Abilities, Weirdness & Mutations

You are resistant to torment.
Your stone body is resilient. (AC +4)
You are immune to poison.
You resist negative energy. (rN+)
You are resistant to electric shocks. (rElec)
You can survive without breathing.
You are immune to petrification.
You are immune to rotting.


Message History

Pikel hits you but does no damage. The ball python barely misses you.
The ball python constricts you. The slave hits you.
Pikel hits you with a whip of freezing!
* * * LOW HITPOINT WARNING * * *
The ball python bites you.
* * * LOW HITPOINT WARNING * * *
The ball python constricts you. The slave completely misses you.
A red film seems to cover your vision as you go berserk!
You feel yourself moving faster!
You feel mighty!
You feel somewhat more hungry.
The ball python bites you but does no damage.
* * * LOW HITPOINT WARNING * * *
The ball python constricts you. Pikel hits you but does no damage.
The slave closely misses you.
Unknown command.
You are too berserk!
You closely miss Pikel.
The ball python bites you but does no damage.
The ball python constricts you. Pikel hits you with a whip of freezing.
You die...

#### .... ..... ..._.
.....# .....
......####.....
......pp#.....
.....ppK#⌠.##+##.⌠#..+##
##+#@S###...##.#.....
#...........#........
#.......#...#........
#.......#####........
#....................
#.........#..........
#.........#....<.....
########..#..........
#..##+#.....##


You could see Pikel, 4 slaves and a ball python.

Vanquished Creatures
  Jessica (D:2)
  2 adders (D:3)
  An ooze (D:2)
  2 worms
  3 dart slugs
  4 giant geckos
  3 orcs (D:3)
  A ball python (D:1)
  6 bats
  A giant cockroach (D:1)
  12 goblins
  7 hobgoblins
  2 jackals (D:1)
  A quokka (D:3)
  4 giant newts
  10 kobolds
  8 rats
68 creatures vanquished.

Notes
Turn   | Place    | Note
-------+----------+-------------------------------------------
     0 | D:1      | Gorfmaster the Gargoyle Berserker began the quest for the Orb.
     0 | D:1      | Reached XP level 1. HP: 14/14 MP: 1/1
    47 | D:1      | Reached skill level 3 in Polearms
   367 | D:1      | Reached XP level 2. HP: 14/19 MP: 2/2
  1075 | D:1      | Reached XP level 3. HP: 22/23 MP: 3/3
  1386 | D:2      | Reached skill level 4 in Polearms
  1395 | D:2      | Noticed Jessica
  1412 | D:2      | Killed Jessica
  1412 | D:2      | Reached XP level 4. HP: 25/28 MP: 4/4
  1512 | D:2      | Found a snail-covered altar of Cheibriados.
  1517 | D:2      | Reached ** piety under Trog
  1828 | D:3      | Found a white marble altar of Elyvilon.
  1914 | D:3      | Reached skill level 5 in Polearms
  1915 | D:3      | Reached XP level 5. HP: 16/32 MP: 5/5
  2388 | D:4      | Noticed Pikel
  2388 | D:4      | Noticed a slave
  2390 | D:4      | Noticed a slave
  2391 | D:4      | Noticed a slave
  2391 | D:4      | Noticed a slave
  2391 | D:4      | Found a shattered altar of Ashenzari.
  2398 | D:4      | Slain by Pikel

Vault maps used:
D:1:      lemuel_arrival_hallway
D:2:      kennysheep_slug_shrine, grunt_decor_arrowhead, uniq_jessica
D:3:      elyvilon_altar_1
D:4:      nemelex_xobeh_ov_fountains_minmay,
          nicolae_dithmenos_through_a_glass_darkly, evilmike_ruin_ashenzari,
          first_bread, uniq_menkaure, uniq_pikel, uniq_purgy

Skill      XL: |  1  2  3  4 |
---------------+-------------+-----
Polearms       | 3 4 5 |  5.2
Fighting       | |  3.2
Armour         | |  2.1
Dodging        | |  1.5

Action                   |  1- 3 |  4- 6 || total
-------------------------+-------+-------++-------
Melee: Spear             |   140 |   129 ||   269
Invok: Berserk           |       |     1 ||     1
  Use: Scroll            |     5 |     3 ||     8
  Eat: Chunk             |     2 |     3 ||     5
Armor: Animal skin       |    18 |       ||    18
       Leather armour    |    18 |     2 ||    20
       Scale mail        |       |    51 ||    51
Dodge: Dodged            |    56 |    43 ||    99
